 Dungeon Crawl Stone Soup version 0.27-a0-1105-g946c659c87 (webtiles) character file.

Game seed: 8734094607725729370

404035 frogmouthbird the Executioner (level 22, -5/209 HPs)
             Began as a Minotaur Fighter on Apr 28, 2021.
             Was the Champion of Okawaru.
             Slain by a tentacled monstrosity (8 damage)
             ... on level 2 of the Depths on Apr 30, 2021.
             The game lasted 01:34:14 (54978 turns).

frogmouthbird the Executioner (Minotaur Fighter)   Turns: 54978, Time: 01:34:15

Health: -5/209     AC: 34    Str: 23    XL:     22   Next: 2%
Magic:  0/31       EV:  9    Int: 12    God:    Okawaru [******]
Gold:   4299       SH:  0    Dex: 11    Spells: 41/41 levels left

rFire    + . .     SeeInvis .   a - +7 battleaxe (spect)
rCold    + . .     Faith    .   (shield currently unavailable)
rNeg     . . .     Spirit   +   z - +1 plate armour {rPois}
rPois    +         Reflect  .   N - +2 hat {Will+}
rElec    +         Harm     .   H - +1 cloak {Stlth+}
rCorr    .         Rampage  .   C - +2 pair of gloves
Will     ++...     Rnd*Rage +   M - +1 pair of boots {Fly}
Stlth    ..........             o - amulet of guardian spirit
HPRegen  0.44/turn              l - +4 ring of protection
MPRegen  0.22/turn              b - ring of Wireaf {rElec rF+ rC+ Slay+4}

@: flayed, flying, constricted
A: horns 2, retaliatory headbutt, berserk 1, low mp 1
}: 3/15 runes: decaying, abyssal, gossamer
a: Renounce Religion, Heroism, Finesse


You were on level 2 of the Depths.
You worshipped Okawaru.
Okawaru was exalted by your worship.
You visited 8 branches of the dungeon, and saw 40 of its levels.
You visited the Abyss 1 time.
You also visited: Sewer and Gauntlet.

You collected 5019 gold pieces.
You spent 720 gold pieces at shops.

Inventory:

Hand Weapons
 a - a +7 spectral battleaxe (weapon)
 P - a +4 executioner's axe of freezing
 V - the +9 broad axe of Vatotea {vorpal, +Blink rC+ Str+4 Dex+6}
   (You found it on level 6 of the Lair of Beasts)

   It inflicts extra damage upon your enemies.
   It affects your strength (+4).
   It affects your dexterity (+6).
   It protects you from cold.
   It lets you blink.
Missiles
 f - 39 javelins (quivered)
 D - 8 curare-tipped darts
Armour
 z - a +1 plate armour of poison resistance (worn)
 C - a +2 pair of gloves (worn)
 H - a +1 cloak of stealth (worn)
 J - the +2 cloak of the Untouchables {*Corrode rC+ Str+2}
   (You found it on level 3 of the Vaults)

   It affects your strength (+2).
   It protects you from cold.
   It may corrode you when you take damage.
 M - a +1 pair of boots of flying (worn)
 N - a +2 hat of willpower (worn)
 Q - a +3 crystal plate armour
Jewellery
 b - the ring of Wireaf (right hand) {rElec rF+ rC+ Slay+4}
   (You acquired it on level 9 of the Dungeon)

   [ring of slaying]

   It affects your accuracy and damage with ranged weapons and melee attacks
   (+4).
   It protects you from fire.
   It protects you from cold.
   It insulates you from electricity.
 i - a ring of positive energy
 k - an amulet of reflection
 l - a +4 ring of protection (left hand)
 o - an amulet of guardian spirit (around neck)
 y - an amulet of regeneration
 A - a ring of resist corrosion
 G - a ring of see invisible
 R - a ring of ice
 S - a +6 ring of strength
Wands
 n - a wand of flame (72)
 p - a wand of iceblast (67)
 v - a wand of acid (14)
 F - a wand of digging (14)
 K - a wand of charming (9)
 U - a wand of polymorph (17)
 Y - a wand of paralysis (30)
 Z - a wand of mindburst (19)
Scrolls
 c - a scroll of fear
 d - 3 scrolls of blinking
 g - 5 scrolls of holy word
 q - 14 scrolls of teleportation
 s - 7 scrolls of magic mapping
 x - a scroll of silence
 O - 3 scrolls of fog
 T - a scroll of summoning
 X - 16 scrolls of identify
Potions
 h - 2 potions of resistance
 j - 4 potions of might
 m - 2 potions of heal wounds
 r - 17 potions of curing
 t - 8 potions of haste
 u - 2 potions of magic
 w - a potion of attraction
 B - 5 potions of lignification
 E - 2 potions of cancellation
 I - 2 potions of brilliance
 L - 5 potions of invisibility
 W - 4 potions of berserk rage
Miscellaneous
 e - a phial of floods


   Skills:
 - Level 20.2 Fighting
 - Level 25.3 Axes
 + Level 10.7 Throwing
 - Level 18.1 Armour
 - Level 14.6 Dodging
 - Level 3.6 Shields
 - Level 10.2 Spellcasting
 - Level 10.7 Ice Magic
 - Level 5.2 Invocations
 - Level 4.8 Evocations


You had 41 spell levels left.
You didn't know any spells.
Your spell library contained the following spells:

 Spells                   Type           Power      Damage    Failure   Level
 Freeze                   Ice            100%       1d11      1%          1
 Frozen Ramparts          Ice            62%        1d8       3%          3
 Ozocubu's Armour         Ice            31%        N/A       3%          3
 Animate Skeleton         Necr           12%        N/A       63%         1
 Beastly Appendage        Tmut           12%        N/A       63%         1
 Magic Dart               Conj           24%        1d4       63%         1
 Pain                     Necr           24%        1d5       63%         1
 Shock                    Conj/Air       24%        1d4       63%         1
 Hailstorm                Conj/Ice       18%        3d6       65%         4
 Ice Form                 Ice/Tmut       18%        N/A       65%         4
 Summon Ice Beast         Ice/Summ       18%        N/A       65%         4
 Blink                    Tloc           N/A        N/A       77%         2
 Call Imp                 Summ           6%         N/A       77%         2
 Corpse Rot               Necr/Air       N/A        N/A       77%         2
 Poisonous Vapours        Pois/Air       12%        N/A       77%         2
 Slow                     Hex            6%         N/A       77%         2
 Static Discharge         Conj/Air       6%         N/A       77%         2
 Wereblood                Tmut           6%         N/A       77%         2
 Call Canine Familiar     Summ           6%         N/A       94%         3
 Conjure Flame            Conj/Fire      6%         6-21      94%         3
 Mephitic Cloud           Conj/Pois/Air  6%         N/A       94%         3
 Spider Form              Tmut/Pois      3%         N/A       94%         3
 Summon Guardian Golem    Hex/Summ       6%         N/A       94%         3
 Swiftness                Air            6%         N/A       94%         3
 Vampiric Draining        Necr           3%         2d6       94%         3
 Metabolic Englaciation   Hex/Ice        9%         N/A       94%         5
 Airstrike                Air            3%         N/A       100%        4
 Animate Dead             Necr           3%         N/A       100%        4
 Cause Fear               Hex            3%         N/A       100%        4
 Agony                    Necr           6%         N/A       100%        5
 Borgnjor's Vile Clutch   Necr/Erth      3%         N/A       100%        5
 Excruciating Wounds      Necr           3%         N/A       100%        5
 Hydra Form               Tmut           3%         N/A       100%        5
 Lightning Bolt           Conj/Air       3%         1d14      100%        5
 Silence                  Hex/Air        3%         N/A       100%        5
 Summon Forest            Summ/Tloc      3%         N/A       100%        5
 Yara's Violent Unravell  Hex/Tmut       3%         3d4       100%        5
 Freezing Cloud           Conj/Ice/Air   7%         6-21      100%        6
 Shadow Creatures         Summ           N/A        N/A       100%        6
 Simulacrum               Ice/Necr       9%         N/A       100%        6
 Ozocubu's Refrigeration  Ice            15%        4d8       100%        7
 Discord                  Hex            3%         N/A       100%        8


Dungeon Overview and Level Annotations

Branches:
Dungeon (15/15)            Temple (1/1) D:6            Lair (6/6) D:11
  Swamp (4/4) Lair:2       Spider (4/4) Lair:3        Slime (0/5) Lair:6
    Orc (2/2) D:9             Elf (0/3) Orc:2        Vaults (5/5) D:13
  Crypt (0/3) Vaults:2     Depths (3/5) D:15          Sewer (visited)
Gauntlet (visited)

Altars:
Ashenzari
Dithmenos
Elyvilon
Kikubaaqudgha
Nemelex Xobeh
Okawaru
Qazlal
Ru
Sif Muna
Uskayaw
Xom
Zin
Beogh
Jiyva

Shops:
D:15 !   Orc:2 *(:*[   Vaults:1 [

Portals:
Hell: Depths:1 Depths:2
Abyss: Depths:1
Pandemonium: Depths:1 Depths:2
Ziggurat: Depths:1
Trove: Vaults:3 (give +2 shadow dragon scales)

Annotations:
D:11 1 runed translucent door
Lair:4 exclusion: oklob plant
Swamp:2 2 transporters, bilbop's ghost, journeyman DjCj


Innate Abilities, Weirdness & Mutations

You have a pair of horns on your head.
You reflexively headbutt those who attack you in melee.
You tend to lose your temper in combat.
Your magical capacity is low. (-10% MP)


Message History

The tentacled monstrosity tentacle-slaps you but does no damage.
The tentacled monstrosity completely misses you.
The flayed ghost hits you but does no damage.
You fly upwards.
Reactivating autopickup.
There is a stone staircase leading down, spattered with blood here.
Unknown command.
Unknown command.
Unknown command.
Unknown command.
You slash the tentacled monstrosity!
The tentacled monstrosity is lightly wounded.
You slice the flayed ghost!! You slice the spriggan rider!!
You slash the tentacled monstrosity!
Your spectral weapon hits the flayed ghost!!
Your spectral weapon hits the tentacled monstrosity!
The spriggan rider hits you but does no damage.
The tentacled monstrosity misses you.
The tentacled monstrosity tentacle-slaps you but does no damage. x2
The tentacled monstrosity grabs you.
The tentacled monstrosity constricts you.
The tentacled monstrosity tentacle-slaps you but does no damage.
The tentacled monstrosity tentacle-slaps you.
* * * LOW HITPOINT WARNING * * *
The tentacled monstrosity tentacle-slaps you but does no damage.
The flayed ghost hits your spectral weapon.
Your spectral weapon shares its damage with you!
* * * LOW HITPOINT WARNING * * *
You closely miss the flayed ghost.
The flayed ghost is almost destroyed.
You closely miss the spriggan rider. You slash the tentacled monstrosity!
You completely miss the tentacled monstrosity.
The spriggan rider hits you with a +0 spear!
* * * LOW HITPOINT WARNING * * *
The tentacled monstrosity tentacle-slaps you!
* * * LOW HITPOINT WARNING * * *
The tentacled monstrosity tentacle-slaps you!
* * * LOW HITPOINT WARNING * * *
The tentacled monstrosity tentacle-slaps you but does no damage.
You die...

#.^..................
#....................
#.............<......
#..........).........
#..........[.....(..≈
#...[...............≈
#....).<)...........≈
#..iWX..............≈
#..X@(..............≈
##########..#######.≈
##..# #.≈ #...# #.≈
#########...#######.≈
#.....≈≈≈≈≈≈≈...)...≈
#....≈≈≈≈≈≈≈.≈......≈
#...≈≈≈≈≈≈≈≈≈≈≈####.≈
#...≈≈≈≈≈≈≈≈≈.≈####.≈


You could see 2 tentacled monstrosities, a spriggan rider (soul bound), a flayed
ghost (ally target) and a friendly +7 spectral battleaxe (summoned).

Vanquished Creatures
  A dread lich (Vaults:3)
  A juggernaut (Depths:2)
  The ghost of Fumalo the Warrior, a veteran MiBe of Trog (Vaults:3)
  Rupert (Lair:6)
  A hellephant (Abyss:3)
  A tentacled monstrosity (Depths:2)
  5 liches
  A titan (Depths:2)
  The ghost of Lolleill the Bludgeoner, an adept DgTm (Vaults:3)
  Kirke (D:14)
  3 sphinxes
  2 tengu reavers (Depths:2)
  2 fire giants
  A fenstrider witch (Swamp:4)
  5 frost giants
  Aizul (Swamp:2)
  Louise (Depths:1)
  2 spectral caustic shrikes (Depths:2)
  5 ghost moths
  A balrug (Depths:1)
  3 emperor scorpions
  11 vault wardens
  A deep elf elementalist (Depths:2)
  12 ironbound preservers
  3 orc warlords
  A spriggan defender (Depths:2)
  3 ghouls (Swamp:3)
  16 very ugly things
  2 reapers
  15 stone giants
  A vampire knight (Depths:2)
  A lorocyproca (Abyss:3)
  A deep elf demonologist (Vaults:2)
  3 dire elephants
  3 entropy weavers
  8 spark wasps
  A bunyip (Swamp:2)
  Snorg (D:14)
  11 ettins
  A minotaur (Gauntlet)
  5 fire dragons
  2 green deaths (Depths:1)
  Josephine (D:10)
  The ghost of Junaliek the Protected, a journeyman MiFi of Okawaru (Lair:2)
  2 ironbound thunderhulks
  5 eleionomae
  4 yaktaur captains
  2 spriggan air magi (Depths:2)
  25 hydras
  5 rakshasas
  8 great orbs of eyes
  5 boulder beetles
  An ogre mage (D:15)
  3 ice dragons
  9 vault guards
  18 centaur warriors
  7 ironbound frosthearts
  3 death knights
  12 two-headed ogres
  7 deep troll earth magi
  9 alligators
  3 deep troll shamans (Depths:1)
  4 ironbound beastmasters
  3 tengu warriors (Depths:1)
  Urug (Lair:1)
  6 spriggan berserkers
  3 thrashing horrors (Abyss:3)
  4 vampire magi
  3 orc high priests (Orc:2)
  A deep elf knight (D:13)
  A hell knight (Depths:2)
  A sun demon (Depths:1)
  4 wretched stars (Abyss:3)
  3 soul eaters
  A fire crab (Swamp:4)
  4 goliath frogs
  5 glowing orange brains
  A skeletal warrior (D:13)
  A shadow wraith (Depths:1)
  A swamp dragon (shapeshifter) (Vaults:2)
  28 deep trolls
  A flayed ghost (Depths:2)
  8 iron trolls
  2 spriggan druids (Swamp:2)
  An obsidian statue (Gauntlet)
  Pikel (D:8)
  5 starcursed masses (Abyss:3)
  A harpy (Vaults:1)
  6 bog bodies
  6 lindwurms
  3 large abominations
  3 deep elf pyromancers
  2 orange crystal statues (D:15)
  9 swamp dragons
  12 ironbound convokers
  2 phantasmal warriors (Vaults:2)
  3 necromancers
  9 orc knights
  35 ugly things
  9 wizards
  A mana viper (shapeshifter) (Depths:1)
  13 orb spiders
  6 orc sorcerers
  25 wolf spiders
  2 deep elf zephyrmancers (D:13)
  3 will-o-the-wisps
  9 cyclopes
  2 manticores
  5 black mambas
  A moth of wrath (Spider:1)
  An apocalypse crab (Abyss:3)
  3 elephants (Lair:5)
  3 smoke demons
  2 torpor snails
  17 vault sentinels
  A molten gargoyle (Swamp:4)
  An orange demon (Depths:2)
  An unseen horror (Depths:1)
  26 cane toads
  An efreet (D:14)
  3 gargoyles
  3 rime drakes
  4 centaur skeletons (D:13)
  20 yaktaurs
  An ice devil (Depths:1)
  5 komodo dragons
  3 kobold demonologists
  3 tengu conjurers (Depths:1)
  15 demonic crawlers
  3 hellwings
  A meliai (shapeshifter) (Depths:1)
  A jumping spider (shapeshifter) (D:15)
  A bloated husk (Swamp:1)
  29 hornets
  9 meliai
  26 jumping spiders
  14 trolls
  A polar bear (D:14)
  14 tyrant leeches
  27 blink frogs
  18 slime creatures
  Grinder (D:5)
  7 raiju
  39 tarantellas
  94 redbacks
  2 shadows
  A centaur simulacrum (D:15)
  20 spriggans
  2 vampires
  8 water elementals
  11 wraiths
  4 wyverns
  2 ynoxinuls
  7 basilisks
  35 yaks
  3 hogs (D:14)
  2 neqoxecs
  A human (shapeshifter) (D:13)
  3 fire bats (Swamp:4)
  22 vampire mosquitoes
  5 chaos spawn
  6 steam dragons
  3 wargs
  Menkaure (D:7)
  14 swamp worms
  13 water moccasins
  A floating eye (Depths:2)
  9 swamp drakes
  3 ice beasts
  A sky beast (D:6)
  35 orc warriors
  A boggart (Vaults:1)
  2 black bears (D:5)
  5 ogres
  8 wolves
  2 lemures (D:8)
  15 centaurs
  A phantom (Depths:1)
  8 kobold brigands
  2 gnoll sergeants (D:7)
  A wyvern zombie (D:8)
  27 bullfrogs
  5 scorpions
  A water moccasin zombie (D:5)
  A wyvern skeleton (D:6)
  3 small abominations
  11 killer bees
  5 electric eels
  A howler monkey (shapeshifter) (Depths:2)
  6 howler monkeys
  8 centaur zombies
  A hound (D:6)
  11 orc priests
  A gnoll shaman (D:9)
  An iron imp (Abyss:3)
  A bullfrog skeleton (D:6)
  5 iguanas
  28 orc wizards
  Terence (D:2)
  A hell rat (Depths:1)
  3 killer bee zombies
  A hound skeleton (D:5)
  A howler monkey zombie (D:9)
  14 gnolls
  8 adders
  5 river rats (D:3)
  2 white imps
  3 ufetubi
  An adder skeleton (D:4)
  3 worms
  4 dart slugs
  68 orcs
  4 bats
  12 endoplasms
  6 giant cockroaches
  10 goblins
  4 hobgoblins
  3 jackals
  33 kobolds
  3 quokkas
  A quokka (shapeshifter) (D:15)
  10 ball pythons
  6 frilled lizards
  6 rats
  A lurking horror (Abyss:3)
1519 creatures vanquished.

Vanquished Creatures (others)
  A ghost moth (Spider:4)
  A wizard (Vaults:2)
  A lindwurm (Swamp:4)
  A queen bee (Abyss:3)
  2 bloated husks
  A human (D:14)
  A steam dragon (Swamp:4)
  4 swamp drakes (Swamp:4)
  18 foxfires
  48 fungi
  116 plants
194 creatures vanquished.

Grand Total: 1713 creatures vanquished

Notes
Turn   | Place    | Note
-------+----------+-------------------------------------------
     0 | D:1      | frogmouthbird the Minotaur Fighter began the quest for the
                  | Orb.
     0 | D:1      | Reached XP level 1. HP: 19/19 MP: 0/0
    41 | D:1      | Reached skill level 3 in Axes
   163 | D:1      | Reached XP level 2. HP: 26/26 MP: 1/1
   706 | D:1      | Reached skill level 4 in Axes
  1041 | D:2      | Noticed Terence
  1047 | D:2      | Killed Terence
  1048 | D:2      | Reached XP level 3. HP: 31/31 MP: 2/2
  1178 | D:2      | Reached skill level 5 in Axes
  1307 | D:2      | Reached XP level 4. HP: 33/39 MP: 3/3
  1689 | D:3      | Reached skill level 6 in Axes
  1974 | D:3      | Reached XP level 5. HP: 45/45 MP: 4/4
  2038 | D:3      | Reached skill level 7 in Axes
  2064 | D:3      | Found a glowing drain.
  2084 | Sewer    | Entered a sewer
  3256 | D:3      | Found a faded altar of an unknown god.
  3539 | D:4      | Reached skill level 8 in Axes
  3539 | D:4      | Reached XP level 6. HP: 51/51 MP: 5/5
  4255 | D:5      | Entered Level 5 of the Dungeon
  4293 | D:5      | Found a broken altar of Ashenzari.
  4337 | D:5      | Reached skill level 9 in Axes
  4424 | D:5      | Noticed an ice beast
  4431 | D:5      | Killed an ice beast
  4432 | D:5      | Reached XP level 7. HP: 57/57 MP: 6/6
  4569 | D:5      | Reached skill level 10 in Axes
  4716 | D:5      | Noticed Grinder
  4721 | D:5      | Paralysed by Grinder for 2 turns
  4727 | D:5      | Killed Grinder
  4817 | D:5      | Reached skill level 11 in Axes
  4837 | D:5      | Reached XP level 8. HP: 56/64 MP: 7/7
  5572 | D:6      | Found a staircase to the Ecumenical Temple.
  5598 | Temple   | Entered the Ecumenical Temple
  5621 | Temple   | Became a worshipper of Warmaster Okawaru
  5675 | D:6      | Reached skill level 12 in Axes
  6280 | D:6      | Reached skill level 13 in Axes
  6463 | D:7      | Reached * piety under Okawaru
  6577 | D:7      | Reached XP level 9. HP: 61/70 MP: 6/8
  6687 | D:7      | Noticed Menkaure
  6699 | D:7      | Killed Menkaure
  6700 | D:7      | Reached skill level 14 in Axes
  7032 | D:7      | Noticed a two-headed ogre
  7040 | D:7      | Killed a two-headed ogre
  7040 | D:7      | Reached ** piety under Okawaru
  7041 | D:7      | Reached skill level 15 in Axes
  7695 | D:8      | Reached skill level 1 in Dodging
  7884 | D:8      | You fall into a shaft and drop 1 floor!
  7884 | D:9      | Noticed a troll
  7931 | D:9      | Noticed a troll
  7963 | D:9      | Killed a troll
  7972 | D:9      | Reached *** piety under Okawaru
  7973 | D:9      | Reached skill level 5 in Armour
  7975 | D:9      | Reached XP level 10. HP: 40/77 MP: 5/9
  8345 | D:9      | Found a staircase to the Orcish Mines.
  8365 | D:9      | Reached skill level 16 in Axes
  8369 | D:9      | Reached **** piety under Okawaru
  8748 | D:9      | Noticed a death knight
  8749 | D:9      | Identified a scroll of acquirement
  8749 | D:9      | Acquired the ring of Wireaf {rElec rF+ rC+ Slay+4}
  8825 | D:8      | Reached skill level 5 in Dodging
  9116 | D:8      | Noticed Pikel
  9125 | D:8      | Killed Pikel
  9125 | D:8      | Reached ***** piety under Okawaru
  9544 | D:8      | Reached XP level 11. HP: 73/82 MP: 8/10
  9553 | D:8      | Noticed a centaur warrior
  9559 | D:8      | Reached skill level 17 in Axes
  9574 | D:8      | Killed a centaur warrior
  9574 | D:8      | Received a gift from Okawaru
 10248 | D:9      | Identified the +0 great sword of Uncertain Death {pain,
                  | rF++}
 10248 | D:9      | Noticed a centaur warrior
 10256 | D:9      | Killed a centaur warrior
 10510 | D:9      | Found a sparkling altar of Nemelex Xobeh.
 10769 | D:9      | Killed a death knight
 11203 | D:10     | Entered Level 10 of the Dungeon
 11481 | D:10     | Noticed Josephine
 11492 | D:10     | Killed Josephine
 11493 | D:10     | Reached skill level 18 in Axes
 11939 | D:10     | Noticed a two-headed ogre
 11946 | D:10     | Killed a two-headed ogre
 11946 | D:10     | Received a gift from Okawaru
 12749 | D:11     | Reached XP level 12. HP: 84/90 MP: 9/11
 12758 | D:11     | Noticed an eight-headed hydra
 12765 | D:11     | Killed a 12-headed hydra
 12774 | D:11     | Noticed a two-headed ogre
 12780 | D:11     | Killed a two-headed ogre
 12825 | D:11     | Reached skill level 10 in Armour
 12917 | D:11     | Found a runed translucent door.
 12978 | D:11     | Reached ****** piety under Okawaru
 13070 | D:11     | Noticed a two-headed ogre
 13075 | D:11     | Killed a two-headed ogre
 13160 | D:11     | Found a staircase to the Lair.
 13249 | D:11     | Found a runed translucent door.
 13426 | D:11     | Noticed a two-headed ogre
 13437 | D:11     | Killed a two-headed ogre
 13442 | D:11     | Reached skill level 19 in Axes
 13565 | D:11     | Noticed a four-headed hydra
 13573 | D:11     | Killed an 11-headed hydra
 13578 | D:11     | Received a gift from Okawaru
 14053 | D:12     | Reached skill level 1 in Invocations
 14053 | D:12     | Reached skill level 1 in Evocations
 14053 | D:12     | Reached XP level 13. HP: 91/95 MP: 10/12
 14422 | Lair:1   | Entered Level 1 of the Lair of Beasts
 14448 | Lair:1   | Found a gate leading to a gauntlet.
 14457 | Gauntlet | Entered a Gauntlet
 14457 | Gauntlet | Found a transporter.
 14465 | Gauntlet | Found a transporter.
 14467 | Gauntlet | Found a transporter.
 14468 | Gauntlet | Found a transporter.
 14479 | Gauntlet | Found a transporter.
 14479 | Gauntlet | Found a transporter.
 14480 | Gauntlet | Found a transporter.
 14488 | Gauntlet | Found a transporter.
 14491 | Gauntlet | Found a transporter.
 14492 | Gauntlet | Found a transporter.
 14496 | Gauntlet | Found a runed translucent door.
 14498 | Gauntlet | Found a runed translucent door.
 14498 | Gauntlet | Noticed an entropy weaver
 14500 | Gauntlet | Found a transporter.
 14503 | Gauntlet | Found a transporter.
 14504 | Gauntlet | Found a transporter.
 14506 | Gauntlet | Noticed an entropy weaver
 14512 | Gauntlet | Found a transporter.
 14710 | Gauntlet | Killed an entropy weaver
 14711 | Gauntlet | Reached skill level 20 in Axes
 14802 | Gauntlet | Killed an entropy weaver
 14887 | Gauntlet | Identified the +3 great mace of Kismet {holy, Dex+6}
 14887 | Gauntlet | Identified the +3 scale mail of the Secret Spirits {rF+
                  | Will+ rCorr}
 14887 | Gauntlet | Noticed a minotaur
 14892 | Gauntlet | Killed a minotaur
 15149 | Lair:1   | Noticed Urug
 15158 | Lair:1   | Killed Urug
 16434 | Lair:2   | Acquired 829 gold pieces
 16436 | Lair:2   | Acquired a +1 cloak of stealth
 16464 | Lair:2   | Noticed Junaliek's ghost (journeyman MiFi)
 16467 | Lair:2   | Found a runed translucent gate.
 16467 | Lair:2   | Found a runed translucent gate.
 16467 | Lair:2   | Found a runed translucent gate.
 16864 | Lair:2   | Found a staircase to the Swamp.
 16938 | Lair:2   | Killed Junaliek's ghost
 16938 | Lair:2   | Received a gift from Okawaru
 17454 | Lair:3   | Reached skill level 5 in Invocations
 17549 | Lair:3   | Found a hole to the Spider Nest.
 18360 | Lair:4   | Reached skill level 21 in Axes
 18633 | Lair:5   | Reached skill level 5 in Fighting
 18730 | Lair:5   | Reached XP level 14. HP: 73/108 MP: 10/16
 19248 | Lair:5   | Found a stormy altar of Qazlal.
 19754 | Lair:6   | Entered Level 6 of the Lair of Beasts
 19804 | Lair:6   | Noticed Rupert
 19812 | Lair:6   | Killed Rupert
 19812 | Lair:6   | Identified the +1 robe of the Circus Animal {Dex+3}
                  | (Okawaru gifted it to you on level 6 of the Lair of Beasts)
 19812 | Lair:6   | Received a gift from Okawaru
 19914 | Lair:6   | Reached skill level 10 in Fighting
 20282 | Lair:6   | Identified the +9 broad axe of Vatotea {vorpal, +Blink rC+
                  | Str+4 Dex+6}
 20876 | Lair:6   | Received a gift from Okawaru
 20980 | Lair:6   | Found a staircase to the Slime Pits.
 20980 | Lair:6   | Found a viscous altar of Jiyva.
 21476 | D:13     | Reached XP level 15. HP: 51/138 MP: 8/17
 21491 | D:13     | Gained mutation: Your magical capacity is low. (-10% MP) [a
                  | neqoxec]
 21492 | D:13     | Gained mutation: You tend to lose your temper in combat. [a
                  | neqoxec]
 21496 | D:13     | Received a gift from Okawaru
 21862 | D:13     | Reached skill level 15 in Fighting
 22315 | D:13     | Found a gate to the Vaults.
 22788 | D:14     | Noticed Kirke
 22797 | D:14     | Killed Kirke
 22851 | D:14     | Identified the +7 broad axe of a treasure trove {freeze,
                  | *Noise rElec Str+3}
 23061 | D:14     | Received a gift from Okawaru
 23151 | D:14     | Noticed Snorg
 23157 | D:14     | Killed Snorg
 23271 | D:14     | Identified the +8 quarterstaff "Gerairgh" {drain, *Noise
                  | Drain rPois rN+++}
 23590 | D:14     | Found a glowing silver altar of Zin.
 23815 | D:15     | Entered Level 15 of the Dungeon
 23815 | D:15     | Found Lanaam's Distillery.
 23828 | D:15     | Bought a potion of resistance for 180 gold pieces
 23828 | D:15     | Bought 2 potions of haste for 360 gold pieces
 23828 | D:15     | Bought a potion of curing for 54 gold pieces
 25079 | D:15     | Found a staircase to the Depths.
 25283 | D:15     | Identified the ring "Jenoi" {rF+ rC- Will+ MP+9 SInv}
 25474 | Swamp:1  | Entered Level 1 of the Swamp
 25480 | Swamp:1  | Received a gift from Okawaru
 26520 | Swamp:2  | Reached XP level 16. HP: 140/155 MP: 14/16
 26655 | Swamp:2  | Acquired a manual of Spellcasting
 27049 | Swamp:2  | Found a transporter.
 27052 | Swamp:2  | Noticed Aizul
 27063 | Swamp:2  | Killed Aizul
 27105 | Swamp:2  | Noticed bilbop's ghost (journeyman DjCj)
 27217 | Swamp:2  | Reached skill level 15 in Armour
 27335 | Swamp:2  | Found a transporter.
 27746 | Swamp:3  | Found the +3 salamander hide armour {Flames rF++ rC--}
 27752 | Swamp:3  | Identified the +4 executioner's axe of Victory {vorpal,
                  | rElec rF+ Stlth+} (Okawaru gifted it to you on level 3 of
                  | the Swamp)
 27752 | Swamp:3  | Received a gift from Okawaru
 29163 | Swamp:3  | Identified the Tome of the Shifting Entourage
 29312 | Swamp:4  | Entered Level 4 of the Swamp
 29386 | Swamp:4  | Received a gift from Okawaru
 30479 | Swamp:4  | Reached skill level 1 in Spellcasting
 30479 | Swamp:4  | Reached skill level 1 in Ice Magic
 30603 | Swamp:4  | Received a gift from Okawaru
 30607 | Swamp:4  | Reached XP level 17. HP: 120/161 MP: 13/17
 31260 | Swamp:4  | Got a decaying rune of Zot
 31433 | Spider:1 | Entered Level 1 of the Spider Nest
 32493 | Spider:1 | Received a gift from Okawaru
 33099 | Spider:2 | Reached skill level 5 in Ice Magic
 33424 | Spider:2 | Reached skill level 5 in Spellcasting
 35030 | Spider:3 | Found a hide-covered altar of Uskayaw.
 35393 | Spider:4 | Entered Level 4 of the Spider Nest
 35447 | Spider:4 | Received a gift from Okawaru
 35453 | Spider:4 | Reached skill level 22 in Axes
 36566 | Spider:4 | Reached XP level 18. HP: 169/169 MP: 25/25
 37128 | Spider:4 | Received a gift from Okawaru
 37156 | Spider:4 | Got a gossamer rune of Zot
 37563 | Orc:1    | Entered Level 1 of the Orcish Mines
 37857 | Orc:2    | Entered Level 2 of the Orcish Mines
 37857 | Orc:2    | Found Unnirgh's General Store.
 38229 | Orc:2    | Found Mevofyde's Book Shoppe.
 38331 | Orc:2    | Found Luigostryriff's Antique Weapon Boutique.
 38509 | Orc:2    | Found Lemus's General Store.
 38613 | Orc:2    | Bought a potion of curing for 33 gold pieces
 38613 | Orc:2    | Bought a potion of curing for 33 gold pieces
 38613 | Orc:2    | Bought a scroll of fog for 22 gold pieces
 38613 | Orc:2    | Bought a scroll of fear for 38 gold pieces
 38653 | Orc:2    | Found a staircase to the Elven Halls.
 38840 | Orc:2    | Found Hediffea's Antique Armour Shoppe.
 39300 | Depths:1 | Entered Level 1 of the Depths
 39307 | Depths:1 | Found a gateway to a ziggurat.
 39309 | Depths:1 | Noticed a lich
 39374 | Vaults:1 | Entered Level 1 of the Vaults
 39374 | Vaults:1 | Found Ontyh's Antique Armour Emporium.
 39746 | Vaults:1 | Received a gift from Okawaru
 40134 | Vaults:1 | Reached skill level 10 in Ice Magic
 40202 | Vaults:1 | Cast into level 3 of the Abyss (a wizard)
 40221 | Abyss:3  | Upgraded the game from 0.27-a0-1101-ge311f74bc8 to
                  | 0.27-a0-1105-g946c659c87
 40225 | Abyss:3  | Got an abyssal rune of Zot
 40507 | Abyss:3  | Noticed a hellephant
 40515 | Abyss:3  | Reached skill level 23 in Axes
 40520 | Abyss:3  | Killed a hellephant
 40563 | Abyss:3  | Reached XP level 19. HP: 82/177 MP: 25/28
 40580 | Vaults:1 | Escaped the Abyss
 40585 | Vaults:1 | Reached skill level 10 in Spellcasting
 41708 | Vaults:1 | Received a gift from Okawaru
 42191 | Vaults:1 | Reached skill level 10 in Dodging
 43007 | Vaults:2 | Found a staircase to the Crypt.
 43575 | Vaults:2 | Received a gift from Okawaru
 44083 | Vaults:2 | You are sucked into a shaft and drop 1 floor!
 44183 | Vaults:3 | Found a portal to a secret trove of treasure.
 44396 | Vaults:3 | Reached skill level 24 in Axes
 44526 | Vaults:3 | Reached XP level 20. HP: 185/188 MP: 27/29
 45224 | Vaults:3 | Found a runed translucent gate.
 45224 | Vaults:3 | Found a runed translucent gate.
 45224 | Vaults:3 | Found an ancient bone altar of Kikubaaqudgha.
 45224 | Vaults:3 | Found a runed translucent gate.
 45224 | Vaults:3 | Noticed a dread lich
 45224 | Vaults:3 | Noticed Fumalo's ghost (veteran MiBe)
 45224 | Vaults:3 | Noticed Lolleill's ghost (adept DgTm)
 46620 | Vaults:3 | Received a gift from Okawaru
 46621 | Vaults:3 | Killed a dread lich
 46635 | Vaults:3 | Killed Lolleill's ghost
 46645 | Vaults:3 | Killed Fumalo's ghost
 46656 | Vaults:3 | Identified the +2 cloak of the Untouchables {*Corrode rC+
                  | Str+2}
 46659 | Vaults:3 | Identified the amulet of Equivalence {Acrobat *Slow Regen+
                  | Int+4 Slay+5}
 46673 | Vaults:3 | Identified Kikubaaqudgha's Collected Works on Necromancy
 47321 | Vaults:4 | Received a gift from Okawaru
 48564 | Vaults:5 | Entered Level 5 of the Vaults
 48852 | Depths:1 | Found a runed translucent gate.
 48852 | Depths:1 | Found a runed translucent gate.
 48852 | Depths:1 | Found a runed translucent gate.
 48893 | Depths:1 | Found a one-way gate to the infinite horrors of the Abyss.
 48893 | Depths:1 | Noticed Louise
 48902 | Depths:1 | Killed Louise
 48951 | Depths:1 | Identified the +1 cloak "Sozxin" {rElec Slay+2}
 49180 | Depths:1 | Received a gift from Okawaru
 49723 | Depths:1 | Found a one-way gate leading to the halls of Pandemonium.
 49731 | Depths:1 | Received a gift from Okawaru
 50065 | Depths:1 | Reached XP level 21. HP: 164/200 MP: 25/30
 50071 | Depths:1 | Reached skill level 25 in Axes
 50389 | Depths:1 | Identified the ring "Pyprados" {Fire rElec rPois}
 50524 | Depths:1 | Found a gateway to Hell.
 51591 | Depths:2 | Reached skill level 1 in Throwing
 51875 | Depths:2 | Received a gift from Okawaru
 51876 | Depths:2 | Reached skill level 5 in Throwing
 53948 | Depths:2 | Identified the +1 ring mail of Uluapn {*Corrode rN++ Regen+
                  | Stlth+}
 54118 | Depths:3 | Noticed a juggernaut
 54353 | Depths:2 | Killed a juggernaut
 54354 | Depths:2 | Reached skill level 10 in Throwing
 54948 | Depths:2 | Reached XP level 22. HP: 191/209 MP: 27/31
 54978 | Depths:2 | HP: 10/209 [tentacled monstrosity (6)]
 54978 | Depths:2 | HP: 3/209 [tentacled monstrosity (7)]
 54978 | Depths:2 | Slain by a tentacled monstrosity

Illustrated notes

Levels and vault maps discovered:
D:1:      psy_arrival_dodecagon, layout_loops_corners
D:2:      layout_rooms, uniq_terence
D:3:      layout_loops_ring, shapermc_ecumenical_altar_mp_vishouse,
          lightli_sewer_entry_pipes
D:4:      layout_cave_pools, minmay_fractal_squares_gapless_5
D:5:      layout_gridville, evilmike_ruin_ashenzari, uniq_grinder
D:6:      minmay_evil_eye, layout_loops_ring, minmay_temple_entry_tees,
          minmay_stone_trees_medium
D:7:      layout_loops_ring, serial_park_tiny_pond, grunt_ministairs_6,
          corexii_item_surrounded_by_moat, uniq_menkaure
D:8:      minmay_chambers_of_sevens, layout_gridville, uniq_pikel
D:9:      minmay_angry_zag, layout_irregular_city, david_orc_3,
          minmay_ruined_shrine
D:10:     layout_layer_cave, uniq_josephine
D:11:     cheibrodos_histonic, layout_cave_pools
D:12:     layout_cave_pools
D:13:     layout_gridville, hangedman_vaults_entry_quadrant_bands
D:14:     minmay_coctagon, layout_loops_corners, zin_angel, uniq_snorg,
          uniq_kirke
D:15:     gammafunk_enter_depths_forms, layout_cross, abandoned_shop,
          serial_shops, nicolae_shop_waterfront, minmay_more_statues
Temple:   nicolae_temple_the_god_donut
Lair:1:   layout_gridlike, gauntlet_entry_generic, lemuel_another_geyser,
          uniq_urug
Lair:2:   layout_layer_cave, palyth_hydra_swamp_entry, gammafunk_ghost_split,
          st_stairs_8, chequers_serial_rivers_micro_e, grunt_megastairs_2
Lair:3:   layout_cave_pods, spider_nest_entry_web_field, disabler_island
Lair:4:   layout_long_grid, guppyfry_lair_drakes, grunt_megastairs_5
Lair:5:   layout_cave_pods, basic_altar
Lair:6:   minmay_lair_end_frog_pond, layout_cave_pods, slime_altar_1,
          nicolae_quartered_pool_medium, uniq_rupert
Swamp:1:  layout_basic_swamp, evilmike_swamp_ruin_house_3,
          infiniplex_staircase_pool
Swamp:2:  layout_falls_marsh, gammafunk_ghost_berserking_beasts,
          evilmike_swamp_ruin_house_2, infiniplex_staircase_pool_2, uniq_aizul
Swamp:3:  layout_falls_marsh, evilmike_swamp_ruin_house_6, swamp_pool1
Swamp:4:  swamp_fiery, layout_basic_swamp
Spider:1: layout_chambers
Spider:2: layout_spider_delve
Spider:3: layout_spider_delve, nicolae_spider_altar_of_dancing
Spider:4: spider_rune_water
Orc:1:    layout_diamond_mine
Orc:2:    grunt_orc_gardens, layout_diamond_mine, grunt_orc_garden,
          grunt_orc_garden, grunt_orc_garden, grunt_orc_garden, serial_shops,
          shop, basic_altar, guppyfry_library_mini
Vaults:1: hangedman_vaults_stitches, hangedman_vaults_pinch, v_alt_pattern_3,
          hangedman_vaults_stretched_pinwheel, vaults_room_octagon, v_pattern_3,
          ontoclasm_vaults_spin, v_alt_pattern_6, vaults_room_hallway,
          vaults_dpeg_hooks, vaults_dpeg_ring, nicolae_vaults_border_crossing,
          layout_vaults_omnicross, serial_shops,
          nicolae_shop_temple_entry_statues_fountains
Vaults:2: vaults_mumra_hexcomb, vaults_dpeg_spiral, nicolae_vaults_puzzle_piece,
          nicolae_vaults_little_squares_2, vaults_dpeg_doors,
          dpeg_vaults_monster_row, hangedman_vaults_corner_blocks,
          st_octagons_2, vaults_dpeg_cross, nicolae_vaults_network_square,
          hangedman_vaults_nails, blue_anna_dwarven_crypt,
          vaults_mumra_minichess_inversion, nicolae_vaults_ring_of_whatevers,
          nicolae_vaults_little_squares_1, vaults_room_pools,
          layout_vaults_omnibox
Vaults:3: gammafunk_vaults_ghost_crypt, vaults_dpeg_encased_lava,
          v_alt_pattern_3, hangedman_vaults_stretched_pinwheel,
          nicolae_vaults_little_squares_1, hangedman_vaults_hat,
          ontoclasm_vaults_ligature, grunt_vaults_bifocal,
          nicolae_vaults_asterisk, vaults_mumra_lcd,
          nicolae_vaults_yaktaur_gun_rack, vaults_room_fours,
          nicolae_vaults_sealed_display, layout_vaults_ring, enter_trove_0
Vaults:4: v_misc_24, v_misc_23, nicolae_vaults_network_barrier,
          vaults_room_door_ring, v_misc_1, vaults_dpeg_diagonal,
          ontoclasm_vaults_gateway, nicolae_vaults_ring_of_whatevers,
          layout_vaults_chaotic_city
Vaults:5
Depths:1: layout_gridlike, enter_ziggurat_e, lightli_too_deep,
          rand_demon_pan_entry_8, minmay_misc_feat_diagonals,
          nicolae_abyss_entry_one_way_or_another, pandoras_box_mu,
          grunt_megastairs_3
Depths:2: lemuel_traditional_vault, layout_long_grid, rand_demon_pan_entry_1,
          pf_hell_entry_tar_river, kennysheep_small_circle,
          serial_bayou_shore_b, infiniplex_staircase_trident
Depths:3: cheibrodos_spurs, layout_cave_pools, hangedman_geh_valley,
          abyss_entry, nicolae_qazlal_general_emergency, rand_demon_pan_entry_9,
          uniq_margery

Skill      XL: |  1  2  3  4  5  6  7  8  9 10 11 12 13 14 15 16 17 18 19 20 21 |
---------------+----------------------------------------------------------------+-----
Axes           | 3 4 5 6 8 9 11 13 15 16 18 19 21 22 23 24 25 | 25.3
Dodging        | 3 5 8 9 11 13 14 | 14.6
Armour         | 5 7 9 11 13 18 | 18.1
Invocations    | 1 5 |  5.2
Evocations     | 1 4 |  4.8
Fighting       | 5 14 17 18 19 20 | 20.2
Spellcasting   | 1 7 9 10 | 10.2
Ice Magic      | 1 8 10 | 10.7
Throwing       | 10 | 10.7
Shields        | |  3.6

Action                   |  1- 3 |  4- 6 |  7- 9 | 10-12 | 13-15 | 16-18 | 19-21 | 22-24 || total
-------------------------+-------+-------+-------+-------+-------+-------+-------+-------++-------
Melee: War axe           |    41 |       |   157 |       |       |       |       |       ||   198
       Whip              |    25 |   277 |   114 |       |       |       |       |       ||   416
       Headbutt          |    10 |    29 |    46 |    69 |   128 |   171 |   213 |     4 ||   670
       Battleaxe         |       |       |    34 |   372 |   578 |   864 |   810 |    10 ||  2668
Throw: Javelin           |       |       |       |       |       |       |     1 |       ||     1
Invok: Heroism           |       |       |     1 |     2 |     2 |     1 |     3 |       ||     9
       Finesse           |       |       |       |       |     1 |     2 |     3 |       ||     6
Evoke: Wand              |       |       |     4 |       |    12 |     8 |     7 |       ||    31
       Phial of floods   |       |       |       |       |       |       |     2 |       ||     2
  Use: Scroll            |     1 |    10 |     3 |     7 |    21 |     4 |     9 |     1 ||    56
       Potion            |       |       |     2 |     2 |     5 |     2 |     1 |       ||    12
 Stab: Distracted        |       |       |       |     2 |     7 |    21 |    21 |       ||    51
       Confused          |       |       |       |       |       |     4 |       |       ||     4
       Held in net/web   |       |       |       |       |       |     2 |       |       ||     2
       Invisible         |       |       |       |       |       |     3 |     2 |       ||     5
       Paralysed         |       |       |       |       |       |       |     1 |       ||     1
Armor: Scale mail        |    33 |   112 |    92 |       |       |       |       |       ||   237
       Plate armour      |       |       |   127 |   135 |    30 |   893 |   400 |    37 ||  1622
       Chain mail        |       |       |       |   146 |   389 |       |       |       ||   535
Dodge: Dodged            |    25 |    65 |    79 |   151 |   302 |   445 |   275 |    14 ||  1356
Block: Kite shield       |    31 |   124 |   121 |       |       |       |       |       ||   276

Table legend: (Time is in decaauts)
 A = Elapsed time spent in this place.
 B = Non-inter-level travel time spent in this place.
 C = Inter-level travel time spent in this place.
 D = Time resting spent in this place.
 E = Time spent auto-exploring this place.
 F = Levels seen in this place.
 G = Mean time per level.
                   A        B        C        D        E       F      G
               +--------+--------+--------+--------+--------+-----+--------+
         Total |  54630 |  52073 |   2557 |  10210 |  34601 |  43 | 1270.5 |
       Dungeon |  17850 |  16725 |   1125 |   2908 |  11108 |  15 | 1190.0 |
        Temple |     36 |     23 |     13 |      0 |     12 |   1 |   36.0 |
          Lair |   6528 |   6037 |    491 |    272 |   5097 |   6 | 1088.0 |
         Swamp |   5813 |   5558 |    255 |   1472 |   3482 |   4 | 1453.2 |
   Spider Nest |   5890 |   5676 |    214 |    827 |   4095 |   4 | 1472.5 |
  Orcish Mines |   1620 |   1587 |     33 |    332 |   1016 |   2 |  810.0 |
        Vaults |   8816 |   8538 |    278 |   1593 |   6099 |   5 | 1763.2 |
        Depths |   6134 |   5990 |    144 |   2286 |   2852 |   3 | 2044.7 |
         Abyss |    352 |    352 |      0 |    170 |      0 |   1 |  352.0 |
         Sewer |   1152 |   1152 |      0 |    283 |    645 |   1 | 1152.0 |
      Gauntlet |    434 |    434 |      0 |     67 |    193 |   1 |  434.0 |
               +--------+--------+--------+--------+--------+-----+--------+

Top non-repeatable levels by time:
Depths:2: 3381 daAuts
Vaults:1: 3272 daAuts
Depths:1: 2648 daAuts
 Swamp:3: 2474 daAuts
Vaults:3: 2023 daAuts
Vaults:2: 1950 daAuts
     D:9: 1948 daAuts
Spider:4: 1719 daAuts
     D:8: 1630 daAuts
    D:13: 1600 daAuts
  Lair:2: 1578 daAuts
Spider:1: 1567 daAuts
Vaults:4: 1567 daAuts
 Swamp:2: 1514 daAuts
    D:10: 1505 daAuts
